 Dungeon Crawl Stone Soup version 0.28-a0-664-gc179e30c89 (webtiles) character file.

Game seed: 2414747673850055297

44 runemasterragnar the Bolt Thrower (level 3, -1/33 HPs)
             Began as a Kobold Hunter on Oct 17, 2021.
             Slain by an ice beast (10 damage)
             ... on level 3 of the Dungeon.
             The game lasted 00:02:30 (2122 turns).

runemasterragnar the Bolt Thrower (Kobold Hunter)   Turns: 2122, Time: 00:02:31

Health: -1/33      AC: 21    Str:  9    XL:     3   Next: 85%
Magic:  3/3        EV:  3    Int: 12    God:
Gold:   98         SH:  0    Dex: 16    Spells: 2/2 levels left

rFire   . . .      SeeInvis .   (weapon restricted)
rCold   . . .      Faith    .   (shield restricted)
rNeg    . . .      Spirit   .   (armour currently unavailable)
rPois   +          Reflect  .   (helmet currently unavailable)
rElec   .          Harm     .   (cloak currently unavailable)
rCorr   .          Rampage  .   (gloves currently unavailable)
Will    +....      NoTele   +   (boots currently unavailable)
Stlth   +++.......              (no amulet)
HPRegen 0.11/turn               p - ring of willpower
MPRegen 0.08/turn               (no ring)

@: tree-form
A: stationary, stasis, torment immunity, boosted hp, small, no large weapons,
nightstalker 3
a: no special abilities


You were on level 3 of the Dungeon.
You were a tree.
You visited 1 branch of the dungeon, and saw 3 of its levels.

You collected 98 gold pieces.

Inventory:

Hand Weapons
 a - a +1 hand crossbow
 b - a +0 short sword
Missiles
 d - 42 bolts
Armour
 c - a +0 leather armour (melded)
Jewellery
 p - a ring of willpower (left branch)
Scrolls
 e - a scroll of immolation {unknown}
 f - a scroll of identify
 h - 2 scrolls of fear {unknown}
 j - a scroll of enchant weapon {unknown}
 k - a scroll of magic mapping {unknown}
 n - a scroll of noise {unknown}
 o - a scroll of teleportation {unknown}
Potions
 g - 2 potions of heal wounds
 i - 2 potions of haste {unknown}
 l - a potion of degeneration {unknown}
 m - a potion of lignification


   Skills:
 + Level 2.7 Fighting
 + Level 1.6 Short Blades
 + Level 5.1 Crossbows
 + Level 3.0 Dodging
 + Level 2.4 Stealth


You had 2 spell levels left.
You didn't know any spells.
Your spell library contained the following spells:

 Spells                   Type           Power      Damage    Failure   Level
 Summon Small Mammal      Summ           0%         N/A       32%         1
 Slow                     Hex            0%         N/A       45%         2
 Call Canine Familiar     Summ           0%         N/A       69%         3
 Confusing Touch          Hex            0%         N/A       69%         3
 Summon Guardian Golem    Hex/Summ       0%         N/A       69%         3
 Yara's Violent Unravell  Hex/Tmut       0%         3d3       100%        5


Dungeon Overview and Level Annotations

Branches:
Dungeon (3/15)

Altars:
Xom


Innate Abilities, Weirdness & Mutations

You are a tree.
Your roots penetrate the ground, keeping you stationary.
You cannot be teleported.
You are immune to unholy pain and torment.
Your maximum health is greatly increased.
Your equipment is partially melded.
You are small and have problems with some larger weapons.
You are completely attuned to the shadows.


Message History

There is a stone staircase leading down here.
You climb downwards.
There is a stone staircase leading up here.
Key pressed, stopping explore.
Found a stone staircase leading up.
There is a stone staircase leading up here.
o - a scroll labelled EMUL YTWUGREUQ You now have 98 gold pieces (gained 17).
p - a ring of willpower An ice beast comes into view.
An ice beast is nearby!
Found a stone staircase leading up.
An ice beast is nearby!
An ice beast is nearby!
The helpless ice beast fails to defend itself.
You puncture the ice beast!
The ice beast is moderately wounded.
The ice beast hits you. The ice beast freezes you.
An ice beast is nearby!
p - a ring of willpower (left hand)
Okay, then.
As you read the scroll labelled CUEBRA NOIDO, it crumbles to dust.
It is a scroll of identify.
g - 2 potions of heal wounds The ice beast hits you but does no damage.
As you read the scroll of identify, it crumbles to dust.
m - 2 potions of lignification The ice beast hits you.
The ice beast freezes you!
Really quaff the potion of lignification?
You turn into a tree.
Your +0 leather armour melds into your body.
Your roots penetrate the ground.
The ice beast hits you but does no damage.
You are now empty-handed.
You barely miss the ice beast.
The ice beast is moderately wounded.
The ice beast hits you.
* * * LOW HITPOINT WARNING * * *
The ice beast freezes you!
You die...

#.# #+# #.# #.#
#<# #.#
.###.###.##
.....Y....######
.###.#♣.........
#.##....#.###
#.#.......#
......#.#.#
#.....#.##.
#####.#.# #.#
#.# #.#


You could see an ice beast.

Vanquished Creatures
  A gnoll (D:1)
  2 ball pythons
  2 endoplasms
  6 giant cockroaches
  A goblin (D:1)
  3 hobgoblins
  3 jackals (D:1)
  2 quokkas (D:1)
  3 bats
  2 frilled lizards
  2 kobolds
  3 rats
30 creatures vanquished.

Vanquished Creatures (others)
  9 plants (D:1)
9 creatures vanquished.

Grand Total: 39 creatures vanquished

Notes
Turn   | Place    | Note
-------+----------+-------------------------------------------
     0 | D:1      | runemasterragnar the Kobold Hunter began the quest for the
                  | Orb.
     0 | D:1      | Reached XP level 1. HP: 12/12 MP: 1/1
   246 | D:1      | Reached XP level 2. HP: 18/18 MP: 2/2
   386 | D:1      | Reached skill level 1 in Short Blades
   386 | D:1      | Reached skill level 5 in Crossbows
  1177 | D:1      | Reached XP level 3. HP: 22/22 MP: 3/3
  1223 | D:1      | Found a faded altar of an unknown god.
  1958 | D:2      | Found a shimmering altar of Xom.
  2110 | D:3      | Noticed an ice beast
  2122 | D:3      | Slain by an ice beast

Illustrated notes

Levels and vault maps discovered:
D:1:      sevenhm_arrival_forest_fort_large_2, layout_basic,
          dilly_ecumenical_altar_fadedgnrine
D:2:      layout_loops_cross, basic_altar
D:3:      layout_loops_corners

Skill      XL: |  1  2  3 |
---------------+----------+-----
Short Blades   | 1 |  1.6
Crossbows      | 5 |  5.1
Stealth        | 2 |  2.4
Dodging        | 3 |  3.0
Fighting       | |  2.7

Action                   || total
-------------------------++-------
Melee: Short sword       ||    84
       Unarmed           ||     1
 Fire: Hand crossbow     ||     9
  Use: Scroll            ||     2
       Potion            ||     1
 Stab: Sleeping          ||    14
Armor: Leather armour    ||    22
       Skin              ||     1
Dodge: Dodged            ||    54

Table legend: (Time is in decaauts)
 A = Elapsed time spent in this place.
 B = Non-inter-level travel time spent in this place.
 C = Inter-level travel time spent in this place.
 D = Time resting spent in this place.
 E = Time spent auto-exploring this place.
 F = Levels seen in this place.
 G = Mean time per level.
                   A        B        C        D        E       F      G
               +--------+--------+--------+--------+--------+-----+--------+
         Total |   2125 |   2080 |     45 |      0 |   1836 |   3 |  708.3 |
       Dungeon |   2125 |   2080 |     45 |      0 |   1836 |   3 |  708.3 |
               +--------+--------+--------+--------+--------+-----+--------+

Top non-repeatable levels by time:
     D:1: 1352 daAuts
     D:2: 695 daAuts
     D:3: 77 daAuts
